AoeStats
← ITA | MarknighT

Migration

505296069Analyzed
1v1 RM · 25d ago on Sep 8, 2026· 32m 58s· 2 players
Game mode
Random Map
Map size
132×132
Population
200
Speed
Normal
Resources
Standard
Victory
Conquest
Starting age
Dark Age
Ending age
Imperial Age
RankedLock teamsTeams togetherTeam positionsShared explorationLock speedFull tech treeHidden civsTurbo modeCheats
Victory
Defeat
🇦🇷 Bohemians · Argentina
1818
+19
🇮🇹 Bengalis · Italy
1880
-19
DGHIR | Black Monk
13:04 Feudal Age
13:56 Double-Bit Axe
17:10 Castle Age
14:56 Fishing Lines
16:20 Fletching
18:09 Bow Saw
18:05 Bodkin Arrow
18:30 Medium Warships
19:04 Fervor
18:55 Gillnets
19:57 Clinker Construction
20:39 Siphons
21:52 Careening
24:10 Wheelbarrow
24:00 Loom
26:35 Ballistics
27:11 Hand Cart
26:41 Town Watch
28:13 Horse Collar
32:49 Imperial Age
29:52 Pikeman
31:03 Scale Mail Armor
34:34 Chemistry
ITA | MarknighT
10:34 Feudal Age
11:37 Double-Bit Axe
13:17 Loom
16:52 Castle Age
15:25 Fletching
16:32 Gold Mining
17:55 Medium Warships
17:44 Bodkin Arrow
20:10 Demolition Ship
21:08 Clinker Construction
28:03 Horse Collar
34:27 Imperial Age
32:35 Bow Saw
Connection lost

Rejoining the realm…

Still unreachable

The connection could not be restored.

Session expired

The server has moved on; the page needs a fresh start.